 Dungeon Crawl Stone Soup version 0.18.1-8-gdd0e5ea (webtiles) character file.

85 mistymad the Sneak (level 4, -13/36 HPs)
             Began as a Naga Enchanter on May 21, 2016.
             Was a Follower of Ashenzari.
             Mangled by a gnoll
             ... wielding a +0 flail
              (15 damage)
             ... on level 3 of the Dungeon.
             The game lasted 00:05:33 (2057 turns).

mistymad the Sneak (Naga Enchanter)                 Turns: 2057, Time: 00:05:34

Health: -13/36     AC:  4    Str: 10    XL:     4   Next: 48%
Magic:  0/7        EV: 10    Int: 16    God:    Ashenzari [*.....]
Gold:   70         SH:  0    Dex: 12    Spells: 2 memorised, 5 levels left

rFire  . . .     SeeInvis +     a - +1 dagger
rCold  . . .     Gourm    .     b - +1 robe
rNeg   . . .     Faith    .     (no shield)
rPois  +         Spirit   .     (no helmet)
rElec  .         Dismiss  .     (no cloak)
rCorr  .         Reflect  .     q - +0 pair of gloves
SustAt .         Harm     .     (no barding)
MR     .....                    (no amulet)
Stlth  +++.......               (no ring)
                                (no ring)

@: very slow, not resistant to hostile enchantments, fairly stealthy
A: see invisible, deformed body, poison resistance, slowness 2, slow metabolism
1, spit poison 2, AC +1
a: Spit Poison, Curse Item, Scrying, Renounce Religion


You were on level 3 of the Dungeon.
You worshipped Ashenzari.
Ashenzari was aware of your devotion.
You were hungry.

You visited 1 branch of the dungeon, and saw 3 of its levels.

You collected 70 gold pieces.

Inventory:

Hand Weapons
 a - a +1 dagger (weapon)
Armour
 b - a +1 robe (worn)
 q - a +0 pair of gloves (worn)
Scrolls
 e - a scroll of immolation {unknown}
 f - a scroll of random uselessness {unknown}
 h - 2 scrolls of identify {unknown}
 i - 2 scrolls of recharging {unknown}
 j - a scroll of fog {unknown}
 n - a scroll of fear {unknown}
 o - a scroll of teleportation {unknown}
Potions
 g - a potion of invisibility {unknown}
 k - 2 potions of degeneration {unknown}
 l - a potion of lignification {unknown}
 m - a potion of ambrosia {unknown}
Books
 c - a book of Maledictions

   Spells                             Type                      Level
   a - Corona                         Hexes                        1
   b - Ensorcelled Hibernation        Hexes/Ice                    2
   c - Confuse                        Hexes                        3
   d - Tukima's Dance                 Hexes                        3
   e - Dazzling Spray                 Conjuration/Hexes            3
Comestibles
 d - 2 bread rations


   Skills:
 + Level 1.7 Short Blades
 + Level 2.2 Dodging
 + Level 5.3 Stealth
 + Level 2.5 Spellcasting
 + Level 3.6 Hexes


You had 5 spell levels left.
You knew the following spells:

 Your Spells              Type           Power        Failure   Level  Hunger
a - Corona                Hex            ##.....      6%          1    #......
b - Ensorcelled Hibernat  Hex/Ice        #.....       17%         2    ##.....


Dungeon Overview and Level Annotations

Branches:
Dungeon (3/15)

Altars:
Ashenzari
Okawaru
Trog
Vehumet


Innate Abilities, Weirdness & Mutations

You cannot wear boots.
Your serpentine skin is tough (AC +1).
You have supernaturally acute eyesight.
Armour fits poorly on your strangely shaped body.
Your system is resistant to poisons.
You cover ground very slowly.
You have a slow metabolism.
You can spit poison.


Message History

You are too injured to fight recklessly!
You are too injured to fight recklessly!
You are too injured to fight recklessly!
You are too injured to fight recklessly!
You are too injured to fight recklessly!
You are too injured to fight recklessly!
You are too injured to fight recklessly!
You are too injured to fight recklessly!
You are too injured to fight recklessly!
You are too injured to fight recklessly!
You are too injured to fight recklessly!
You are too injured to fight recklessly!
You hit the gnoll.
The gnoll is heavily wounded.
The gnoll barely misses you. The gnoll hits you.
* * * LOW HITPOINT WARNING * * *
You hit the gnoll.
The gnoll is heavily wounded.
The gnoll hits you with a flail!
You die...

###### #....# #....#
...... #.<..# ......
#....# #.#..##....#####
.......#....'.g@#
........#....###g#
#.#.##..#....###g#
...............rg#
#.#..#...#.####..#
...%./.>.#.# #..#
...........####..######
..#..#..)...............
........................


You could see 3 gnolls, a hobgoblin and a rat.

Vanquished Creatures
  A gnoll (D:3)
  3 adders (D:2)
  An ooze (D:2)
  2 dart slugs
  3 bats
  5 giant cockroaches
  5 goblins
  4 hobgoblins
  7 kobolds
  2 ball pythons (D:2)
  2 giant newts (D:1)
  5 rats
40 creatures vanquished.

Notes
Turn   | Place    | Note
--------------------------------------------------------------
     0 | D:1      | mistymad the Naga Enchanter began the quest for the Orb.
     0 | D:1      | Reached XP level 1. HP: 15/15 MP: 3/3
   243 | D:1      | Reached XP level 2. HP: 13/22 MP: 5/5
   250 | D:1      | HP: 1/22 [goblin/club (2)]
   556 | D:1      | Learned a level 2 spell: Ensorcelled Hibernation
   967 | D:2      | Reached skill level 5 in Stealth
   967 | D:2      | Reached XP level 3. HP: 18/28 MP: 6/6
  1186 | D:2      | Found a bloodstained altar of Trog.
  1192 | D:2      | Found a faded altar to an unknown god.
  1286 | D:2      | Became a worshipper of Ashenzari the Shackled
  1286 | D:2      | Reached * piety under Ashenzari
  1355 | D:2      | Reached XP level 4. HP: 36/36 MP: 7/7
  1426 | D:2      | Found a radiant altar of Vehumet.
  1455 | D:2      | Found an iron altar of Okawaru.
  1732 | D:3      | HP: 1/36 [gnoll/flail (9)]
  2057 | D:3      | Mangled by a gnoll

Skill      XL: |  1  2  3 |
---------------+----------+-----
Stealth        | 5 |  5.3
Dodging        | 2 |  2.2
Short Blades   | |  1.7
Spellcasting   | |  2.5
Hexes          | |  3.6

Action                   |  1- 3 |  4- 6 || total
-------------------------+-------+-------++-------
Melee: Dagger            |    85 |    79 ||   164
 Cast: Ensorcelled Hiber |     2 |     3 ||     5
       Corona            |       |     1 ||     1
 Abil: Spit Poison       |     1 |       ||     1
 Stab: Sleeping          |     9 |     2 ||    11
  Eat: Chunk             |     1 |     1 ||     2
Armor: Robe              |    28 |    27 ||    55
Dodge: Dodged            |    48 |    50 ||    98
